 Dungeon Crawl Stone Soup version 0.31-a0-255-g9c3d1c461a (webtiles) character file.

Game seed: 13298510905750872480

40 qw the Shooter (level 3, 0/29 HPs)
             Began as a Minotaur Hexslinger on July 12, 2023.
             Succumbed to a scorpion's poison
             ... on level 5 of the Dungeon.
             The game lasted 00:00:28 (1817 turns).

qw the Shooter (Minotaur Hexslinger)                Turns: 1817, Time: 00:00:29

Health: 0/29       AC:  3    Str: 10 (12) XL:     3   Next: 30%
Magic:  3/3        EV: 11    Int:  9 (10) God:
Gold:   72         SH:  0    Dex: 12 (14) Spells: 3/4 levels left

rFire   . . .        Y - +1 sling
rCold   . . .        (no shield)
rNeg    . . .        h - +0 leather armour
rPois   .            (helmet restricted)
rElec   .            (no cloak)
rCorr   .            (no gloves)
SInv    .            (no boots)
Will    .....        (no amulet)
Stlth   +            (no ring)
HPRegen 0.24/turn    (no ring)
MPRegen 0.08/turn

%: no passive effects
@: lethally poisoned (0 -> -13)
A: horns 2, retaliatory headbutt
a: no special abilities


You were on level 5 of the Dungeon.
You visited 1 branch of the dungeon, and saw 4 of its levels.

You collected 72 gold pieces.


Innate Abilities, Weirdness & Mutations

You have a pair of horns on your head.
You reflexively headbutt those who attack you in melee.


   Skills:
 - Level 2.0 Fighting
 + Level 3.9 Ranged Weapons
 - Level 2.1 Dodging
 - Level 1.0 Spellcasting
 - Level 2.0 Hexes


You had 3 spell levels left.
You knew the following spells:

 Your Spells              Type           Power      Damage    Failure   Level
a - Slow                  Hex            16%        N/A       22%         1

Your spell library contained the following spells:

 Spells                   Type           Power      Damage    Failure   Level
 Inner Flame              Hex/Fire       2%         N/A       69%         3
 Portal Projectile        Hex/Tloc       4%         N/A       69%         3
 Cause Fear               Hex            2%         N/A       91%         4

Inventory:

Hand Weapons
 Y - a +1 sling (weapon)
Armour
 h - a +0 leather armour (worn)
Jewellery
 e - a ring of ice
Scrolls
 a - a scroll of identify
Potions
 b - a potion of attraction {unknown}
 c - a potion of curing
 f - a potion of might

Dungeon Overview and Level Annotations

Branches:
Dungeon (3/15)

Altars:


Message History

The sling bullet closely misses the scorpion.
The scorpion misses you. The scorpion stings you.
You shoot a sling bullet.
The sling bullet barely misses the scorpion.
The scorpion stings you but does no damage.
You shoot a sling bullet.
The sling bullet barely misses the scorpion.
The scorpion stings you.
You are poisoned.
The scorpion poisons you!
The scorpion stings you but does no damage.
You shoot a sling bullet. The sling bullet hits the scorpion.
The scorpion is moderately wounded.
You feel sick. The scorpion stings you.
You are more poisoned.
The scorpion poisons you!
A phantom comes into view.
You shoot a sling bullet.
The sling bullet hits the scorpion but does no damage.
The scorpion is moderately wounded.
You feel very sick.
The scorpion stings you but does no damage.
The scorpion misses you.
You shoot a sling bullet. The sling bullet hits the scorpion.
The scorpion is heavily wounded.
You feel very sick. The scorpion barely misses you.
The phantom closely misses you.
You shoot a sling bullet.
The sling bullet barely misses the scorpion.
You feel very sick. The scorpion completely misses you.
The phantom barely misses you. The scorpion barely misses you.
You shoot a sling bullet.
The sling bullet barely misses the scorpion.
You feel sick. The scorpion stings you.
You are more poisoned.
The scorpion poisons you! The phantom barely misses you.
You shoot a sling bullet.
The sling bullet closely misses the scorpion.
You die...

.. #.............#
... #.....#.......#
.
#..#..........##...#
..
#...........#......#
(..
#####......###......
.... ##.....##
..##.. .....
##...........# ..
#....##W......####..
## #....%@......##
..# #....s%........#
.# #............#.##
#...........##...
.............. ..
...............
................
......#.........


You could see a phantom and a scorpion.

Vanquished Creatures
  2 dart slugs (D:1)
  2 bats (D:1)
  3 endoplasms (D:1)
  2 goblins
  4 hobgoblins
  8 jackals
  A quokka (D:2)
  4 ball pythons
  A frilled lizard (D:2)
  4 kobolds
31 creatures vanquished.

Notes
Turn   | Place    | Note
-------+----------+-------------------------------------------
     0 | D:1      | qw the Minotaur Hexslinger began the quest for the Orb.
     0 | D:1      | Reached XP level 1. HP: 16/16 MP: 1/1
     0 | D:1      | 0 ||| qw: Version: 0.3-a-52-g30416fa
     0 | D:1      | 0 ||| qw: Game counter: 6701
     0 | D:1      | 0 ||| qw: Melee chars always use a shield: true
     0 | D:1      | 0 ||| qw: God list: Okawaru
     0 | D:1      | 0 ||| qw: Allow faded altars: false
     0 | D:1      | 0 ||| qw: Do Orc after clearing Dungeon:15 true
     0 | D:1      | 0 ||| qw: Do second Lair branch before Depths: true
     0 | D:1      | 0 ||| qw: Lair rune preference: random
     0 | D:1      | 0 ||| qw: Goals: Normal
     0 | D:1      | 0 ||| PLANNING D:1-11
   146 | D:1      | Reached skill level 3 in Ranged Weapons
   310 | D:1      | Reached XP level 2. HP: 23/23 MP: 2/2
   993 | D:1      | 993 ||| UPGRADING to +0 leather armour.
  1003 | D:1      | 1003 ||| DROPPING +0 robe.
  1004 | D:1      | 1004 ||| READING scroll labelled HOPIRI VAXUKA.
  1005 | D:1      | 1005 ||| READING scroll labelled NOIQAU FAEVE.
  1006 | D:1      | 1006 ||| DROPPING scroll of poison.
  1094 | D:2      | Reached XP level 3. HP: 29/29 MP: 3/3
  1652 | D:2      | 1652 ||| READING 3 scrolls labelled OTSOCV BOINOYST.
  1653 | D:2      | 1653 ||| READING scroll labelled KUCRUEJISM.
  1654 | D:2      | 1654 ||| READING scroll labelled EBIAKK NUNA.
  1755 | D:2      | 1755 ||| DRINKING 2 blue potions.
  1756 | D:2      | 1756 ||| DRINKING 2 fuming inky potions.
  1757 | D:2      | 1757 ||| READING 2 scrolls of identify.
  1757 | D:2      | 1757 ||| IDENTIFYING murky dark potion
  1758 | D:2      | 1758 ||| DROPPING potion of degeneration.
  1781 | D:3      | You fall into a shaft and drop 2 floors!
  1781 | D:5      | Entered Level 5 of the Dungeon
  1803 | D:5      | Noticed a scorpion
  1812 | D:5      | Noticed a phantom
  1815 | D:5      | HP: 6/29 [poisoned by a scorpion]
  1817 | D:5      | Succumbed to a scorpion's poison

Levels and vault maps discovered:
D:1:      ebering_trefoil_3fold, layout_basic, minmay_pentomino_p2
D:2:      layout_basic
D:3:      layout_basic, uniq_jessica
D:5:      layout_cave_pools, temple_doors_e

Skill      XL: |  1  2 |
---------------+-------+-----
Ranged Weapons | 3 |  3.9
Fighting       | 2 |  2.0
Dodging        | |  2.1
Spellcasting   | |  1.0
Hexes          | |  2.0

Action                     || total
---------------------------++-------
   Fire: Sling             ||    94
    Use: Scroll            ||     6
         Potion            ||     2
 Armour: Robe              ||     8
         Leather armour    ||     7
  Dodge: Dodged            ||    47

Table legend:
 A = Non-vault XP
 B = Vault XP
 C = Vault XP percentage of total XP
 D = Non-vault monster count
 E = Vault monster count
 F = Vault count percentage of total count
                 A         B        C        D         E       F
            +---------+---------+-------+---------+---------+-------
      Total |      56 |       2 |   3.4 |      29 |       2 |   6.5
            +---------+---------+-------+---------+---------+-------
        D:1 |      36 |       2 |   5.3 |      18 |       2 |  10.0
        D:2 |      12 |       0 |   0.0 |       7 |       0 |   0.0
        D:5 |       8 |       0 |   0.0 |       4 |       0 |   0.0
            +---------+---------+-------+---------+---------+-------
